 Dungeon Crawl Stone Soup version 0.31-a0-1338-gb567cfdca4 (webtiles) character file.

Game seed: 1916625386794727929

62 NinjaNoafa the Slasher (level 3, -3/29 HPs)
             Began as a Demonspawn Chaos Knight on Dec 13, 2023.
             Was a Plaything of Xom.
             Slain by a wyvern (9 damage)
             ... in a sewer on Dec 22, 2023.
             The game lasted 00:04:07 (1209 turns).

NinjaNoafa the Slasher (Demonspawn Chaos Knight)    Turns: 1209, Time: 00:04:07

Health: -3/29      AC:  8    Str: 12    XL:     3   Next: 85%
Magic:  3/3        EV: 11    Int: 14    God:    Xom [..*...]
Gold:   135        SH:  0    Dex: 12    Spells: 2/2 levels left

rFire   . . .        a - +0 falchion (chaos)
rCold   . . .        (no shield)
rNeg    . . .        b - +2 leather armour
rPois   .            j - +0 helmet
rElec   .            (no cloak)
rCorr   .            (no gloves)
SInv    .            (no boots)
Will    .....        (no amulet)
Stlth   +            (no ring)
HPRegen 0.24/turn    (no ring)
MPRegen 0.08/turn

%: no passive effects
@: mighty, invisible
A: slimy green scales 1
a: Renounce Religion


You were in a sewer.
You worshipped Xom.
You were a toy of Xom.
You visited 1 branch of the dungeon, and saw 3 of its levels.
You also visited: Sewer.

You collected 135 gold pieces.

Inventory:

Hand Weapons
 a - a +0 falchion of chaos (weapon)
Armour
 b - a +2 leather armour (worn)
 j - a +0 helmet (worn)
Scrolls
 e - 2 scrolls of revelation
Potions
 d - a potion of haste {unknown}
 g - a potion of attraction {unknown}
 h - a potion of berserk rage {unknown}


   Skills:
 - Level 3.0 Fighting
 + Level 4.1 Long Blades
 - Level 1.7 Armour
 - Level 0.8 Dodging
 + Level 0.7 Earth Magic
 + Level 0.9 Alchemy


You had 2 spell levels left.
You didn't know any spells.
Your spell library contained the following spells:

 Spells                   Type           Power      Damage    Failure   Level
 Passwall                 Alch/Erth      1%         N/A       38%         2
 Ensorcelled Hibernation  Hex/Ice        0%         N/A       50%         2
 Swiftness                Air            0%         N/A       73%         3


Dungeon Overview and Level Annotations

Branches:
Dungeon (3/15) Zot: 16893   Sewer (1/1) Zot: 5880

Altars:


Innate Abilities, Weirdness & Mutations

You are partially covered in slimy green scales. (AC +2)


Message History

The wyvern bites your butterfly!
Your butterfly dies!
Your butterfly disappears in a burst of colours!
The wyvern completely misses your butterfly.
It was a potion of invisibility.
You fade into invisibility!
Xom thinks this is hilarious!
The kobold hits your butterfly with a +0 short sword.
Your butterfly dies!
Your butterfly disappears in a burst of colours!
The kobold hits your butterfly with a +0 whip.
Your butterfly dies!
Your butterfly disappears in a burst of colours!
Unknown command.
You barely miss the wyvern. The wyvern bites you!
* * * LOW HITPOINT WARNING * * *
The kobold misses your butterfly. The kobold hits you with a +0 club.
* * * LOW HITPOINT WARNING * * *
The wyvern misses you. The kobold misses your butterfly.
You take 9 damage, and have 5/29 hp.
MASSIVE DAMAGE!!
Unknown command.
The kobold splashes around in the water.
The kobold hits your butterfly with a +0 whip.
Your butterfly dies!
Your butterfly disappears in a burst of colours!
The kobold hits your butterfly with a +0 short sword.
Your butterfly dies!
Your butterfly disappears in a burst of colours!
A ball python comes into view.
Unknown command.
You hit the wyvern. You burn the wyvern. The wyvern barely misses you.
The kobold throws a poisoned dart.
The poisoned dart barely misses you. The wyvern misses you.
You slash the wyvern!
A ball python comes into view.
The kobold misses your butterfly. The ball python bites your butterfly.
Your butterfly dies!
Your butterfly disappears in a burst of colours!
The wyvern bites you!
You die...

#### ..∩# #####
.######...## ####
#####......###..###### ##≈
.##..†............#..#.!#≈
................@K#.bb..#≈
...........bbbb.bk'Kb..#
............bb~b~K#..b..#≈
......~..~≈~b~≈~b~#.b#.!#≈
.....~.≈≈~b≈bbbb≈≈#### ##≈
~~~~~≈~~≈≈b≈≈bbS≈≈#
~≈≈≈~≈≈≈≈≈≈≈≈≈≈≈≈≈≈
~~≈~~~~≈≈≈≈≈≈≈≈S≈≈#≈
~r≈≈≈≈≈≈≈≈


You could see a wyvern (unable to see you, ally target), 2 ball pythons and 3
kobolds.

Vanquished Creatures
  2 dart slugs (D:2)
  4 orcs
  8 ball pythons
  4 bats (D:1)
  7 endoplasms
  3 giant cockroaches
  5 goblins
  A hobgoblin (D:2)
  2 kobolds (D:1)
  2 quokkas (D:1)
  4 frilled lizards
  5 rats
47 creatures vanquished.

Vanquished Creatures (collateral kills)
  A frilled lizard (D:1)
1 creature vanquished.

Vanquished Creatures (others)
  A rat zombie (D:1)
1 creature vanquished.

Grand Total: 49 creatures vanquished

Notes
Turn   | Place    | Note
-------+----------+-------------------------------------------
     0 | D:1      | NinjaNoafa the Demonspawn Chaos Knight began the quest for
                  | the Orb.
     0 | D:1      | Reached XP level 1. HP: 18/18 MP: 1/1
    76 | D:1      | Upgraded the game from 0.31-a0-1206-g41278d8d1d to
                  | 0.31-a0-1321-g5021b54cb2
    76 | D:1      | Upgraded the game from 0.31-a0-1321-g5021b54cb2 to
                  | 0.31-a0-1338-gb567cfdca4
    87 | D:1      | Reached skill level 3 in Long Blades
   128 | D:1      | Gained mutation: You are partially covered in slimy green
                  | scales. (AC +2) [demonic ancestry]
   128 | D:1      | Reached XP level 2. HP: 24/24 MP: 2/2
   377 | D:1      | Reached XP level 3. HP: 25/29 MP: 3/3
   592 | D:2      | Reached skill level 4 in Long Blades
   621 | D:2      | Found a faded altar of an unknown god.
  1074 | D:3      | Found a glowing drain.
  1074 | D:3      | XOM: silly message
  1091 | Sewer    | Entered a sewer
  1192 | Sewer    | Noticed a kobold brigand
  1197 | Sewer    | XOM: potion effect (heal wounds)
  1198 | Sewer    | XOM: potion effect (heal wounds)
  1199 | Sewer    | a kobold brigand changed into a naga
  1199 | Sewer    | Noticed a naga
  1200 | Sewer    | a naga changed into a wyvern
  1200 | Sewer    | Noticed a wyvern
  1209 | Sewer    | Slain by a wyvern

Illustrated notes

Levels and vault maps discovered:
D:1:      eino_arrival_cavern_a, layout_rooms
D:2:      layout_rooms, ebering_ecumenical_altar_rust, basic_altar
D:3:      layout_basic, cheibrodos_sewer_entry_drain, patterned_corridor,
          uniq_natasha
Sewer:    sewer_minmay_treatment

Skill      XL: |  1  2  3 |
---------------+----------+-----
Long Blades    | 3 4 |  4.1
Fighting       | |  3.0
Armour         | |  1.7
Dodging        | |  0.8
Earth Magic    | |  0.7
Alchemy        | |  0.9

Action                     || total
---------------------------++-------
  Melee: Falchion          ||   124
  Evoke: Wand              ||     6
    Use: Scroll            ||     4
         Potion            ||     2
 Armour: Leather armour    ||   128
  Dodge: Dodged            ||   116

Table legend: (Time is in decaauts)
 A = Elapsed time spent in this place.
 B = Non-inter-level travel time spent in this place.
 C = Inter-level travel time spent in this place.
 D = Time resting spent in this place.
 E = Time spent auto-exploring this place.
 F = Levels seen in this place.
 G = Mean time per level.
                   A        B        C        D        E       F      G
               +--------+--------+--------+--------+--------+-----+--------+
         Total |   1224 |   1148 |     76 |     70 |    692 |   4 |  306.0 |
       Dungeon |   1106 |   1030 |     76 |      0 |    674 |   3 |  368.7 |
         Sewer |    118 |    118 |      0 |     70 |     18 |   1 |  118.0 |
               +--------+--------+--------+--------+--------+-----+--------+

Top non-repeatable levels by time:
     D:1: 580 daAuts
     D:2: 450 daAuts
   Sewer: 118 daAuts
     D:3: 75 daAuts
